 Dungeon Sprint DCSS version 0.24-a0-250-g6074511092 (webtiles) character file.

Game seed: 10637616623894941885

6500000 Redear the Blood Saint (level 27, -23/249 HPs)
             Began as a Demonspawn Abyssal Knight on Apr 15, 2019.
             Was the Champion of Lugonu.
             Annihilated by a bag of meat
             ... wielding a +9 war axe
              (25 damage)
             ... in the Dungeon (Sprint VIII: "Arena of Blood").
             The game lasted 00:04:07 (65 turns).

Redear the Blood Saint (Demonspawn Abyssal Knight)    Turns: 65, Time: 00:04:08

Health: -23/249    AC:  6    Str: 14    XL:     27
Magic:  6/54       EV: 35    Int: 15    God:    Lugonu [******]
Gold:   0          SH:  8    Dex: 23    Spells: 80/80 levels left

rFire    + . .     SeeInvis .   c - +∞ Axe of Woe
rCold    . . .     Gourm    .   (shield currently unavailable)
rNeg     . . .     Faith    .   b - +0 leather armour
rPois    .         Spirit   .   (no helmet)
rElec    .         Reflect  .   (no cloak)
rCorr    .         Harm     .   (gloves unavailable)
MR       ++...     NoTele   +   (no boots)
Stlth    +++++++++.             (no amulet)
HPRegen  10.51/turn             (no ring)
MPRegen  0.34/turn              (no ring)

@: hasted, very quick
A: claws 3, large bone plates 3, fire resistance 1, hurl damnation, powered by
death 3, spiny 3, flame cloud immunity
a: Hurl Damnation, Bend Space, Banish, Corrupt, Brand Weapon With Distortion,
Renounce Religion


You were in the Dungeon.
You worshipped Lugonu.
Lugonu was exalted by your worship.
You were not hungry.

You visited 1 branch

Inventory:

Hand Weapons
 a - a +1 hand axe
 c - the +∞ Axe of Woe (weapon)
   (You found it in the Dungeon)
Armour
 b - a +0 leather armour (worn)
Scrolls
 B - a scroll of blinking {@r4}
Potions
 e - a potion of heal wounds {@q1}
 g - 2 potions of magic
 h - a potion of berserk rage
 Q - a potion of curing {@q2}
Comestibles
 z - a ration


   Skills:
 O Level 27 Fighting
 O Level 27 Axes
 O Level 27 Throwing
 O Level 27 Armour
 O Level 27 Dodging
 O Level 27 Stealth
 O Level 27 Unarmed Combat
 O Level 27 Spellcasting
 O Level 27 Invocations


You had 80 spell levels left.
You didn't know any spells.
Your spell library was empty.

Dungeon Overview and Level Annotations

Branches:
Dungeon (1/1)

Altars:
Makhleb

Annotations:
D corrupted, The Servant


Innate Abilities, Weirdness & Mutations

You have claws for hands.
You are completely covered in large bone plates. (SH +8)
Your flesh is heat resistant. (rF+)
You can hurl damnation.
You regenerate a lot of health from kills.
You are completely covered in sharp spines.
You are immune to clouds of flame.


Message History

The accursed is struck by your spines. The accursed hits you!!
* * * LOW HITPOINT WARNING * * *
Something hits the small abomination!
You hear a shout! x3
Something completely misses the eye of draining.
The destroyer blinks!
The ynoxinul gestures at the bag of meat.
The iron shot hits the bag of meat!!
The bag of meat is engulfed in blazing flames.
Something bites the small abomination.
Something tramples the small abomination.
The small abomination holds its ground!
You hear a shout!
A meat berserker comes into view. It is wielding a +9 battleaxe.
You hear a shout!
The eye of draining gazes at the bag of meat.
The large abomination hits the bag of meat!!!
The bag of meat is engulfed in blazing flames.
The bag of meat hits you with a +9 war axe!!
You die...

...# .........
###..##.....#...
###W%....#...z........
......%X..##.#.V......
...#..oXoo.§.#........
....#..L2X.§.#.......#
.....oV.G3O).#.......#
....#.o#))).=#...o...###
%#..x@@=°o#x...###.....
#...#.Mo#)=o3§..._......
#.#.§.#.°.%V§§......#..
#.#§§........#_.<._#
#..§.#hM..§oX#.....#
...§§#V#§...Oo.o_.....
.......%§§...%oO###.....
......O§..§#Vx... ..###
..... #... ..#


You could see 2 accurseds, a meat beast, The Servant, 4 destroyers, a sculptor
of flesh, a large bag of meat (inner flame), a large abomination, a dread
(wandering), 2 meat berserkers, a small abomination, 11 bags of meat, a neutral
large abomination, a neutral eye of draining, a neutral raiju, a neutral
neqoxec, a neutral ynoxinul and a neutral small abomination.

Vanquished Creatures
  A hell beast (D)
  A greater mummy (D)
  7 vampire knights (D)
  20 ogres (D)
  5 two-headed ogres (D)
  A lich (D)
  47 orcs (D)
  2 skeletal warriors (D)
  3 large abominations (D)
  3 small abominations (D)
  2 crawling corpses (D)
92 creatures vanquished.

Vanquished Creatures (others)
  2 small abominations (D)
  A spatial vortex (D)
  3 crawling corpses (D)
  18 starspawn tentacles (D)
24 creatures vanquished.

Grand Total: 116 creatures vanquished

Notes
Turn   | Place    | Note
-------+----------+-------------------------------------------
     0 | D        | Found the +∞ Axe of Woe
     0 | D        | Redear the Demonspawn Abyssal Knight began the quest for
                  | the Orb.
     0 | D        | Reached XP level 1. HP: 18/18 MP: 2/2
     3 | D        | Noticed a bag of meat
     3 | D        | Noticed a meat berserker
     3 | D        | Noticed a bag of meat
     5 | D        | Noticed a bag of meat
     7 | D        | Noticed a bag of meat
     7 | D        | Noticed a bag of meat
     7 | D        | Noticed a bag of meat
     8 | D        | Noticed a meat berserker
     8 | D        | Killed a meat berserker
     8 | D        | Reached skill level 15 in Fighting
     8 | D        | Reached skill level 14 in Axes
     8 | D        | Reached skill level 14 in Armour
     8 | D        | Reached skill level 14 in Dodging
     8 | D        | Reached skill level 19 in Invocations
     8 | D        | Gained mutation: You are partially covered in large bone
                  | plates. (SH +4) [demonic ancestry]
     8 | D        | Reached XP level 2. HP: 44/44 MP: 2/12
     8 | D        | Gained mutation: You have sharp fingernails. [demonic
                  | ancestry]
     8 | D        | Reached XP level 3. HP: 50/50 MP: 2/14
     8 | D        | Gained mutation: You are partially covered in sharp spines.
                  | [demonic ancestry]
     8 | D        | Reached XP level 4. HP: 57/57 MP: 2/15
     8 | D        | Reached XP level 5. HP: 63/63 MP: 2/17
     8 | D        | Gained mutation: You have very sharp fingernails. [demonic
                  | ancestry]
     8 | D        | Reached XP level 6. HP: 70/70 MP: 2/18
     8 | D        | Reached XP level 7. HP: 76/76 MP: 2/20
     8 | D        | Gained mutation: You are mostly covered in sharp spines.
                  | [demonic ancestry]
     8 | D        | Reached XP level 8. HP: 83/83 MP: 2/21
     8 | D        | Reached XP level 9. HP: 89/89 MP: 2/22
     8 | D        | Reached XP level 10. HP: 97/97 MP: 2/23
     8 | D        | Reached XP level 11. HP: 103/103 MP: 2/24
     8 | D        | Gained mutation: You have claws for hands. [demonic
                  | ancestry]
     8 | D        | Reached XP level 12. HP: 110/110 MP: 2/25
     8 | D        | Gained mutation: You regenerate a little health from kills.
                  | [demonic ancestry]
     8 | D        | Reached XP level 13. HP: 116/116 MP: 2/26
     8 | D        | Noticed a bag of meat
     9 | D        | Noticed a bag of meat
    10 | D        | Killed a bag of meat
    10 | D        | Reached ** piety under Lugonu
    10 | D        | Reached skill level 16 in Fighting
    10 | D        | Reached skill level 15 in Axes
    10 | D        | Reached skill level 15 in Armour
    10 | D        | Reached skill level 15 in Dodging
    10 | D        | Reached skill level 20 in Invocations
    11 | D        | Killed a bag of meat
    11 | D        | Reached skill level 17 in Fighting
    11 | D        | Reached skill level 16 in Axes
    11 | D        | Reached skill level 16 in Armour
    11 | D        | Reached skill level 16 in Dodging
    11 | D        | Reached skill level 21 in Invocations
    11 | D        | Reached XP level 14. HP: 129/129 MP: 2/28
    11 | D        | Killed a bag of meat
    11 | D        | Reached skill level 18 in Fighting
    11 | D        | Reached skill level 17 in Axes
    11 | D        | Reached skill level 17 in Armour
    11 | D        | Reached skill level 17 in Dodging
    11 | D        | Reached skill level 22 in Invocations
    11 | D        | Noticed a meat berserker
    11 | D        | Noticed a meat berserker
    11 | D        | Noticed a bag of meat
    12 | D        | Killed a meat berserker
    12 | D        | Reached *** piety under Lugonu
    12 | D        | Reached skill level 20 in Fighting
    12 | D        | Reached skill level 18 in Axes
    12 | D        | Reached skill level 18 in Armour
    12 | D        | Reached skill level 18 in Dodging
    12 | D        | Reached skill level 24 in Invocations
    12 | D        | Reached XP level 15. HP: 59/141 MP: 3/31
    12 | D        | Noticed a meat berserker
    12 | D        | Noticed a meat berserker
    13 | D        | Noticed a meat berserker
    13 | D        | Killed a meat berserker
    13 | D        | Reached skill level 21 in Fighting
    13 | D        | Reached skill level 20 in Axes
    13 | D        | Reached skill level 20 in Armour
    13 | D        | Reached skill level 20 in Dodging
    13 | D        | Reached skill level 26 in Invocations
    13 | D        | Gained mutation: You regenerate health from kills. [demonic
                  | ancestry]
    13 | D        | Reached XP level 16. HP: 41/152 MP: 3/33
    13 | D        | Reached skill level 22 in Fighting
    13 | D        | Reached skill level 27 in Invocations
    13 | D        | Reached skill level 23 in Fighting
    13 | D        | Reached skill level 21 in Axes
    13 | D        | Reached skill level 21 in Armour
    13 | D        | Reached skill level 21 in Dodging
    13 | D        | Noticed a meat berserker
    14 | D        | Reached **** piety under Lugonu
    14 | D        | Reached skill level 22 in Axes
    14 | D        | Reached skill level 22 in Armour
    14 | D        | Reached skill level 22 in Dodging
    14 | D        | Reached XP level 17. HP: 50/165 MP: 3/34
    15 | D        | Killed a meat berserker
    15 | D        | Reached skill level 25 in Fighting
    15 | D        | Reached skill level 23 in Axes
    15 | D        | Reached skill level 23 in Armour
    15 | D        | Reached skill level 23 in Dodging
    15 | D        | Reached skill level 24 in Axes
    15 | D        | Reached skill level 24 in Armour
    16 | D        | Killed a meat berserker
    16 | D        | Reached skill level 26 in Fighting
    16 | D        | Reached skill level 25 in Axes
    16 | D        | Reached skill level 25 in Armour
    16 | D        | Reached skill level 25 in Dodging
    16 | D        | Gained mutation: Your flesh is heat resistant. (rF+)
                  | [demonic ancestry]
    16 | D        | Reached XP level 18. HP: 71/181 MP: 4/35
    16 | D        | Killed a meat berserker
    16 | D        | Reached ***** piety under Lugonu
    16 | D        | Reached skill level 27 in Fighting
    16 | D        | Reached skill level 26 in Axes
    16 | D        | Reached skill level 26 in Armour
    16 | D        | Reached skill level 26 in Dodging
    16 | D        | Reached skill level 27 in Axes
    16 | D        | Reached skill level 27 in Armour
    16 | D        | Reached skill level 27 in Dodging
    16 | D        | Reached skill level 4 in Stealth
    16 | D        | Reached skill level 3 in Unarmed Combat
    16 | D        | Reached skill level 3 in Spellcasting
    16 | D        | Gained mutation: You are mostly covered in large bone
                  | plates. (SH +6) [demonic ancestry]
    16 | D        | Reached XP level 19. HP: 75/189 MP: 4/36
    16 | D        | Noticed a meat berserker
    17 | D        | Killed a meat berserker
    17 | D        | Reached skill level 12 in Stealth
    17 | D        | Reached skill level 11 in Unarmed Combat
    17 | D        | Reached skill level 11 in Spellcasting
    18 | D        | Killed a meat berserker
    18 | D        | Reached skill level 16 in Stealth
    18 | D        | Reached skill level 15 in Unarmed Combat
    18 | D        | Reached skill level 15 in Spellcasting
    19 | D        | Noticed a meat berserker
    19 | D        | Noticed a meat berserker
    20 | D        | Noticed a large bag of meat
    20 | D        | Noticed a meat berserker
    21 | D        | Noticed a destroyer
    21 | D        | Reached skill level 18 in Stealth
    21 | D        | Reached skill level 17 in Unarmed Combat
    21 | D        | Reached skill level 17 in Spellcasting
    21 | D        | Reached XP level 20. HP: 120/197 MP: 5/41
    22 | D        | Reached skill level 19 in Stealth
    22 | D        | Reached skill level 18 in Unarmed Combat
    22 | D        | Reached skill level 18 in Spellcasting
    22 | D        | Reached skill level 20 in Stealth
    22 | D        | Reached skill level 19 in Unarmed Combat
    22 | D        | Reached skill level 19 in Spellcasting
    23 | D        | Killed a meat berserker
    23 | D        | Reached skill level 23 in Stealth
    23 | D        | Reached skill level 21 in Unarmed Combat
    23 | D        | Reached skill level 21 in Spellcasting
    24 | D        | Killed a meat berserker
    24 | D        | Reached ****** piety under Lugonu
    24 | D        | Reached skill level 24 in Stealth
    24 | D        | Reached skill level 23 in Unarmed Combat
    24 | D        | Reached skill level 23 in Spellcasting
    24 | D        | Gained mutation: You are completely covered in large bone
                  | plates. (SH +8) [demonic ancestry]
    24 | D        | Reached XP level 21. HP: 147/204 MP: 5/48
    24 | D        | Reached skill level 25 in Stealth
    24 | D        | Reached skill level 24 in Unarmed Combat
    24 | D        | Reached skill level 24 in Spellcasting
    24 | D        | Reached skill level 26 in Stealth
    24 | D        | Reached skill level 27 in Stealth
    24 | D        | Reached skill level 25 in Unarmed Combat
    24 | D        | Reached skill level 25 in Spellcasting
    24 | D        | Noticed a destroyer
    25 | D        | Noticed a large bag of meat
    25 | D        | Reached skill level 27 in Unarmed Combat
    25 | D        | Reached skill level 27 in Spellcasting
    25 | D        | Reached skill level 11 in Throwing
    25 | D        | Reached skill level 20 in Throwing
    25 | D        | Reached XP level 22. HP: 161/212 MP: 5/53
    25 | D        | Noticed a large bag of meat
    25 | D        | Noticed a destroyer
    27 | D        | Noticed a large bag of meat
    27 | D        | Killed a large bag of meat
    27 | D        | Reached skill level 25 in Throwing
    27 | D        | Killed a destroyer
    27 | D        | Reached skill level 27 in Throwing
    27 | D        | Reached XP level 23. HP: 143/219 MP: 6/54
    28 | D        | Noticed a large bag of meat
    30 | D        | Killed a large bag of meat
    30 | D        | Gained mutation: You are immune to clouds of flame.
                  | [demonic ancestry]
    30 | D        | Reached XP level 24. HP: 141/227 MP: 6/54
    32 | D        | Killed a large bag of meat
    32 | D        | Noticed a destroyer
    34 | D        | Killed a destroyer
    34 | D        | Gained mutation: You can hurl damnation. [demonic ancestry]
    34 | D        | Reached XP level 25. HP: 138/234 MP: 7/54
    36 | D        | Noticed a destroyer
    37 | D        | Killed a large bag of meat
    38 | D        | Corrupted D
    38 | D        | Noticed an ancient lich
    39 | D        | the bag of meat is devoured by a tear in reality.
    41 | D        | Gained mutation: You are completely covered in sharp
                  | spines. [demonic ancestry]
    41 | D        | Reached XP level 26. HP: 149/242 MP: 1/54
    42 | D        | Noticed a destroyer
    43 | D        | Noticed an accursed
    43 | D        | Killed a large bag of meat
    46 | D        | Killed a destroyer
    46 | D        | Gained mutation: You regenerate a lot of health from kills.
                  | [demonic ancestry]
    46 | D        | Reached XP level 27. HP: 158/249 MP: 2/54
    47 | D        | Killed a destroyer
    49 | D        | Noticed a tyrant
    49 | D        | Noticed a destroyer
    50 | D        | Noticed an accursed
    50 | D        | Noticed The Servant
    51 | D        | Killed a destroyer
    54 | D        | the spatial maelstrom is devoured by a tear in reality.
    55 | D        | Noticed a tyrant
    57 | D        | Killed a destroyer
    58 | D        | Noticed a meat beast
    59 | D        | Noticed a destroyer
    59 | D        | Noticed a destroyer
    60 | D        | Killed a destroyer
    60 | D        | Noticed a destroyer
    60 | D        | Noticed an accursed
    61 | D        | Noticed a meat beast
    61 | D        | Noticed a large bag of meat
    63 | D        | Killed an accursed
    63 | D        | Killed a tyrant
    64 | D        | Killed a meat beast
    64 | D        | Noticed a destroyer
    65 | D        | Noticed a large bag of meat
    65 | D        | Noticed a dread
    65 | D        | HP: 23/249 [accursed/divine providence (12)]
    65 | D        | HP: 2/249 [accursed (21)]
    65 | D        | Annihilated by a bag of meat

Levels and vault maps discovered:
D:        meatsprint

Skill      XL: |  1  2  3  4  5  6  7  8  9 10 11 12 13 14 15 16 17 18 19 20 21 22 |
---------------+-------------------------------------------------------------------+-----
Fighting       | 15 17 20 21 23 26 27 | 27.0
Axes           | 14 16 18 20 22 25 27 | 27.0
Armour         | 14 16 18 20 22 25 27 | 27.0
Dodging        | 14 16 18 20 22 25 27 | 27.0
Invocations    | 19 21 24 26 27 | 27.0
Stealth        | 4 18 24 27 | 27.0
Unarmed Combat | 3 17 23 27 | 27.0
Spellcasting   | 3 17 23 27 | 27.0
Throwing       | 20 27 | 27.0

Action                   |  1- 3 |  4- 6 |  7- 9 | 10-12 | 13-15 | 16-18 | 19-21 | 22-24 | 25-27 || total
-------------------------+-------+-------+-------+-------+-------+-------+-------+-------+-------++-------
Melee: Executioner's axe |     1 |       |       |       |     4 |     3 |     7 |     8 |    26 ||    49
Invok: Corrupt           |       |       |       |       |       |       |       |       |     1 ||     1
  Use: Potion            |       |       |       |       |       |       |       |     1 |       ||     1
 Stab: Distracted        |       |       |       |       |       |       |       |     1 |       ||     1
Armor: Leather armour    |       |       |       |       |       |       |       |       |     1 ||     1
Dodge: Dodged            |       |       |       |       |       |       |     1 |     1 |     4 ||     6

Table legend:
 A = Non-vault XP
 B = Vault XP
 C = Vault XP percentage of total XP
 D = Non-vault monster count
 E = Vault monster count
 F = Vault count percentage of total count
                 A         B        C        D         E       F
            +---------+---------+-------+---------+---------+-------
      Total | 1369685 | 1031001 |  42.9 |      43 |      47 |  52.2
            +---------+---------+-------+---------+---------+-------
          D | 1369685 | 1031001 |  42.9 |      43 |      47 |  52.2
            +---------+---------+-------+---------+---------+-------
